AoeStats
← Barnar

Black Forest

506931139Analyzed
1v1 RM · 17d ago on Sep 15, 2026· 57m 2s· 2 players
Game mode
Random Map
Map size
Tiny (2 player)
Population
200
Speed
Normal
Resources
Standard
Victory
Conquest
Starting age
Dark Age
Ending age
Imperial Age
RankedLock teamsTeams togetherTeam positionsShared explorationLock speedFull tech treeHidden civsTurbo modeCheats
Victory
Defeat
🇮🇹 Burgundians · Italy
733
+18
🇮🇹 Britons · Italy
766
-18
Barnar
0:33 Loom
13:16 Feudal Age
11:54 Double-Bit Axe
12:24 Horse Collar
13:03 Stone Mining
18:22 Castle Age
21:20 Wheelbarrow
24:25 Hand Cart
26:35 Forging
27:32 Gold Mining
28:55 Elite Skirmisher
29:47 Husbandry
30:08 Bow Saw
32:19 Gold Shaft Mining
32:22 Stone Shaft Mining
31:51 Heavy Plow
32:30 Iron Casting
32:01 Scale Barding Armor
33:27 Padded Archer Armor
33:18 Fletching
34:06 Ballistics
33:57 Fortified Wall
33:58 Masonry
37:00 Imperial Age
35:07 Burgundian Vineyards
36:14 Chain Barding Armor
36:17 Leather Archer Armor
35:58 Bodkin Arrow
38:31 Two-Man Saw
38:04 Crop Rotation
38:11 Conscription
37:20 Elite Coustillier
39:31 Chemistry
38:46 Elite Coustillier
41:13 Architecture
40:40 Murder Holes
41:25 Plate Barding Armor
41:52 Blast Furnace
40:52 Bracer
~Giulia~
0:29 Loom
12:08 Feudal Age
12:35 Double-Bit Axe
13:35 Town Watch
14:49 Horse Collar
15:44 Fletching
22:54 Castle Age
21:10 Padded Archer Armor
21:44 Gold Mining
21:55 Stone Mining
22:55 Crossbowman
23:52 Bodkin Arrow
26:55 Murder Holes
27:21 Ballistics
29:01 Treadmill Crane
30:40 Bow Saw
30:41 Heavy Plow
34:47 Imperial Age
33:08 Wheelbarrow
33:30 Gold Shaft Mining
33:40 Leather Archer Armor
34:16 Forging
34:14 Scale Mail Armor
34:06 Pikeman
35:00 Masonry
37:53 Warwolf
37:40 Halberdier
38:50 Fortified Wall
39:09 Conscription
41:34 Yeomen
41:14 Elite Longbowman
41:18 Elite Skirmisher
43:59 Hoardings
45:03 Iron Casting
45:25 Chain Mail Armor
45:12 Gambesons
45:27 Squires
Connection lost

Rejoining the realm…

Still unreachable

The connection could not be restored.

Session expired

The server has moved on; the page needs a fresh start.